 Dungeon Crawl Stone Soup version 0.30-a0-123-g91d0c66ccf (webtiles) character file.

Game seed: 18438322949359892423

31185 bande the Severer (level 13, -4/116 HPs)
             Began as a Hill Orc Fighter on Sept 18, 2022.
             Was the Champion of Beogh.
             Slain by a reaper
             ... wielding a +4 vorpal scythe
              (5 damage)
             ... in a Gauntlet.
             The game lasted 00:36:31 (19104 turns).

bande the Severer (Hill Orc Fighter)               Turns: 19104, Time: 00:36:32

Health: -4/116     AC: 33    Str: 22    XL:     13   Next: 56%
Magic:  21/21      EV:  2    Int:  8    God:    Beogh [******]
Gold:   1200       SH: 16    Dex: 14    Spells: 12/12 levels left

rFire   + . .      SeeInvis .    f - +5 broad axe (freeze)
rCold   + . .      Faith    +    x - +0 tower shield
rNeg    . . .      Spirit   .    z - +0 crystal plate armour
rPois   +          Reflect  .    c - +1 helmet of Uskayaw's Pride {Str+2}
rElec   .          Harm     .    I - scarf {rC+ rF+}
rCorr   .          Rampage  .    e - +0 pair of gloves
Will    .....      NoTele   +    s - +1 pair of boots
Stlth   ..........               t - amulet of faith
HPRegen 0.29/turn                P - ring of poison resistance
MPRegen 0.17/turn                w - +4 ring of protection

@: studying Stealth
A: walk on water, iridescent scales 1, noise suppression
a: Renounce Religion, Smiting, Recall Orcish Followers, Give Item to Named
Follower, Resurrection


You were in a Gauntlet.
You worshipped Beogh.
Beogh was exalted by your worship.
You visited 2 branches of the dungeon, and saw 14 of its levels.
You also visited: Gauntlet and Ice Cave.

You collected 2129 gold pieces.
You spent 929 gold pieces at shops.

Inventory:

Hand Weapons
 b - a +5 flail
 f - a +5 broad axe of freezing (weapon)
 G - a +2 vorpal war axe
Missiles
 g - a throwing net (quivered)
Armour
 c - the +1 helmet of Uskayaw's Pride (worn) {Str+2}
   (You found it on level 6 of the Dungeon)

   Str:       It affects your strength (+2).
 e - a +0 pair of gloves (worn)
 q - a +0 cloak
 s - a +1 pair of boots (worn)
 x - a +0 tower shield (worn)
 z - a +0 crystal plate armour (worn)
 I - a scarf of resistance (worn)
 O - a +1 chain mail of fire resistance
Jewellery
 a - a +6 ring of intelligence
 i - a ring of ice
 l - an amulet of magic regeneration
 m - a ring of positive energy
 n - a ring of flight
 p - the ring "Musoz" {Fire Str+4}
   (You found it on level 6 of the Dungeon)

   [ring of fire]

   It enhances your fire magic.
   Str:       It affects your strength (+4).
   rF:        It protects you from fire.
   rC:        It makes you vulnerable to cold.
 t - an amulet of faith (around neck)
 w - a +4 ring of protection (right hand)
 F - a +6 ring of strength
 K - a ring of wizardry
 M - an amulet of the acrobat
 P - a ring of poison resistance (left hand)
 Q - a ring of fire
 T - the amulet of the Air {Inacc Air Fly rElec RMsl}
   (You found it on level 3 of the Lair of Beasts)

   [amulet of nothing]

   It reduces the accuracy of all your attacks.
   It enhances your air magic.
   rElec:     It insulates you from electricity.
   Fly:       It grants you flight.
   RMsl:      It protects you from missiles.
Wands
 j - a wand of light (8)
 r - a wand of flame (3)
 y - a wand of mindburst (22)
Scrolls
 k - 3 scrolls of identify
 v - 2 scrolls of summoning
 B - 2 scrolls of fear
 L - 2 scrolls of teleportation
 N - 3 scrolls of butterflies
 S - 2 scrolls of blinking
Potions
 d - 7 potions of might
 h - 4 potions of mutation
 o - a potion of magic
 u - 2 potions of berserk rage
 A - 4 potions of flight
 C - 6 potions of brilliance
 D - 2 potions of cancellation
 E - a potion of haste
 J - 3 potions of curing
Miscellaneous
 H - a phial of floods
 R - a lightning rod (4/4)


   Skills:
 + Level 11.2 Fighting
 + Level 19.2 Axes
 + Level 11.0 Armour
 - Level 0.2 Dodging
 - Level 0.1 Stealth
 + Level 10.5 Shields
 * Level 11.0 Invocations
 * Level 8.4 Evocations


You had 12 spell levels left.
You didn't know any spells.
Your spell library contained the following spells:

 Spells                   Type           Power      Damage    Failure   Level
 Foxfire                  Conj/Fire      0%         2x1d4     100%        1
 Freeze                   Ice            0%         1d3       100%        1
 Magic Dart               Conj           0%         1d3       100%        1
 Necrotise                Necr           0%         1d4       100%        1
 Call Imp                 Summ           0%         N/A       100%        2
 Searing Ray              Conj           0%         2d4       100%        2
 Static Discharge         Conj/Air       0%         2-2/arc   100%        2
 Confusing Touch          Hex            0%         N/A       100%        3
 Frozen Ramparts          Ice            0%         1d1       100%        3
 Gell's Gravitas          Tloc           0%         N/A       100%        3
 Inner Flame              Hex/Fire       0%         N/A       100%        3
 Kindle Blastsparks       Fire/Tloc/Air  0%         2d10      100%        3
 Mephitic Cloud           Conj/Pois/Air  0%         N/A       100%        3
 Ozocubu's Armour         Ice            0%         N/A       100%        3
 Summon Guardian Golem    Hex/Summ       0%         N/A       100%        3
 Teleport Other           Tloc           0%         N/A       100%        3
 Vampiric Draining        Necr           0%         2d6       100%        3
 Dispel Undead            Necr           0%         3d6       100%        4
 Flame Wave               Conj/Fire      0%         2d4       100%        4
 Fulminant Prism          Conj/Hex       0%         3d6       100%        4
 Hailstorm                Conj/Ice       0%         3d3       100%        4
 Sticky Flame             Conj/Fire      0%         2d3       100%        4
 Agony                    Necr           0%         N/A       100%        5
 Yara's Violent Unravell  Hex/Tmut       0%         3d3       100%        5
 Dispersal                Tloc           0%         N/A       100%        6
 Enfeeble                 Hex            0%         N/A       100%        7
 Orb of Destruction       Conj           0%         9d5       100%        7
 Ozocubu's Refrigeration  Ice            0%         4d7       100%        7
 Spellforged Servitor     Conj/Summ      0%         N/A       100%        7


Dungeon Overview and Level Annotations

Branches:
Dungeon (10/15)            Temple (0/1) D:6            Lair (4/5) D:8
 Shoals (0/4) Lair:3        Snake (0/4) Lair:3          Orc (0/2) D:10
  IceCv (visited)         Gauntlet (1/1)
  Slime: Lair:4-5

Altars:
Ashenzari
Hepliaklqana
Uskayaw

Shops:
D:5 *   D:10 *

Portals:
Trove: D:10 (give +6 demon blade)

Annotations:
Gauntlet 13 transporters


Innate Abilities, Weirdness & Mutations

You can walk on water.
You are partially covered in iridescent scales. (AC +2)
You passively dampen the noise of your surroundings.


Message History

The reaper hits you with a +4 vorpal scythe!!
You hit the reaper but do no damage.
The reaper is heavily wounded.
The reaper shouts, "Die, bande!"
You block the reaper's attack.
You hit the reaper.
The reaper is heavily wounded.
The reaper hits you with a +4 vorpal scythe!!
You closely miss the reaper.
The reaper is heavily wounded.
The reaper hits you but does no damage.
You slash the reaper! You freeze the reaper.
The reaper is heavily wounded.
The reaper hits you with a +4 vorpal scythe!
The flying skull gives a hideous shriek!
You hit the reaper.
The reaper is heavily wounded.
The reaper hits you but does no damage.
You hit the reaper but do no damage.
The reaper is heavily wounded.
The reaper hits you but does no damage.
You hit the reaper.
The reaper is severely wounded.
The reaper says, "Everyone has to die sometime, and your time is now."
The reaper hits you but does no damage.
You hit the reaper but do no damage.
The reaper is heavily wounded.
The reaper hits you with a +4 vorpal scythe.
You slash the reaper! You freeze the reaper.
The reaper is severely wounded.
The reaper hits you with a +4 vorpal scythe.
* * * LOW HITPOINT WARNING * * *
x2 You slash the reaper!
You freeze the reaper.
The reaper is almost dead.
You block the reaper's attack.
You hit the reaper but do no damage.
The reaper is almost dead.
The reaper hits you with a +4 vorpal scythe!!
* * * LOW HITPOINT WARNING * * *
You die...

##.##############################
..©...........©#≈≈§§8≈§§§#©......
#################################
....55p#.#^....##.)#.#zz.zzzz..#.
.....#5#.#.^###.##$#.#z#.#zz.#.#.
#####..#.#.##.##.#[#.#zz.###...#.
##.##..#.#.#.#.#.#.#.#z#...###.#.
..©....#.#.#.#©#.#.#.#z#.#z..#.#.
##.##..#.#.#.#.#@#.#.#.z.###...#.
#####..#.#5#2#^2##.#.#.#...#.#.#.
.....#.#.#.##.###^.#.#.#z#...#z#.
5?©}...#.##©##....^#.#..zz©.zzz#.
########.###########.###########.
.................................
...................≈∩≈...........
#################################
#8# #8# #8##≈...............§##8#


You could see a reaper and 7 flying skulls.

Vanquished Creatures
  A boulder beetle (Lair:1)
  4 death yaks (Lair:2)
  A lindwurm (Lair:2)
  An ugly thing (IceCv)
  A moth of wrath (Gauntlet)
  Maurice (D:9)
  2 merfolk sirens (Lair:3)
  2 ice statues (IceCv)
  2 black mambas
  Maggie (D:8)
  2 torpor snails
  5 cane toads
  3 rime drakes
  3 komodo dragons
  A kobold demonologist (D:7)
  A polar bear (Lair:3)
  3 trolls
  Grinder (D:6)
  Sigmund (D:6)
  The ghost of Lance11888 the Firebug, an amateur OgCA of Ignis (D:5)
  A dire elephant simulacrum (IceCv)
  30 yaks
  A ynoxinul (Gauntlet)
  A wyvern (Lair:1)
  A human (D:7)
  3 steam dragons
  4 hogs (D:7)
  2 basilisks
  A death yak simulacrum (IceCv)
  A harpy simulacrum (IceCv)
  4 nagas (Lair:3)
  7 water moccasins
  2 black bears (Lair:2)
  2 ice beasts
  3 orc warriors
  30 wolves
  3 ogres
  2 centaurs
  3 kobold brigands
  2 necrophages
  3 bullfrogs
  A gnoll sergeant (D:4)
  7 wights
  9 killer bees
  3 elephant simulacra (IceCv)
  9 electric eels
  5 hounds
  2 jellies
  5 orc priests
  Crazy Yiuf (D:6)
  2 gnoll boudas
  4 iron imps (Gauntlet)
  2 iguanas
  6 orc wizards
  7 gnolls
  10 adders
  A shadow imp (Gauntlet)
  12 white imps
  An ufetubus (D:5)
  2 worms (D:3)
  29 orcs
  5 ball pythons
  7 bats
  9 endoplasms
  2 giant cockroaches
  7 goblins
  9 hobgoblins
  9 jackals
  22 kobolds
  4 quokkas
  8 frilled lizards
  9 rats
352 creatures vanquished.

Vanquished Creatures (collateral kills)
  Gastronok (Lair:2)
  The ghost of SigmundSlayer the Geomancer, a journeyman DsEE of Cheibriados (Lair:1)
  The ghost of Zonian the Cleaver, a journeyman DsBr of Okawaru (Lair:3)
  A lindwurm (Lair:2)
  2 black mambas (Lair:3)
  3 komodo dragons
  A rime drake (Lair:1)
  6 dream sheep (Lair:3)
  2 yaks
  A wyvern (D:10)
  3 water moccasins
  2 orc warriors (D:10)
  2 black bears (Lair:2)
  3 wolves
  A centaur (D:10)
  A bullfrog (Lair:1)
  4 wights (D:10)
  2 killer bees (D:9)
  An electric eel (D:10)
  An orc priest (D:9)
  5 orc wizards
  3 gnolls (D:10)
  A white imp (Lair:1)
  7 orcs (D:10)
  A butterfly (Lair:1)
56 creatures vanquished.

Vanquished Creatures (others)
  An orc sorcerer (Lair:3)
  An orc knight (Lair:3)
  An ugly thing (IceCv)
  A swamp drake (D:10)
  A hound (D:8)
  3 orc priests
  7 orc wizards
  A white imp (D:8)
  8 orcs
  14 demonic plants (Gauntlet)
  12 fungi
  51 plants
101 creatures vanquished.

Grand Total: 509 creatures vanquished

Notes
Turn   | Place    | Note
-------+----------+-------------------------------------------
     0 | D:1      | bande the Hill Orc Fighter began the quest for the Orb.
     0 | D:1      | Reached XP level 1. HP: 19/19 MP: 1/1
   102 | D:1      | Reached XP level 2. HP: 27/27 MP: 2/2
   466 | D:1      | Reached skill level 3 in Axes
   471 | D:1      | Reached XP level 3. HP: 25/33 MP: 3/3
  1072 | D:2      | Reached XP level 4. HP: 41/41 MP: 4/4
  1223 | D:2      | Reached skill level 4 in Axes
  2078 | D:3      | Reached XP level 5. HP: 47/47 MP: 5/5
  2722 | D:4      | Reached skill level 5 in Axes
  3360 | D:3      | Reached XP level 6. HP: 13/55 MP: 6/6
  3709 | D:4      | Reached skill level 5 in Fighting
  3709 | D:4      | Reached skill level 6 in Axes
  4133 | D:4      | Identified 2 scrolls of acquirement
  4133 | D:4      | Acquired a +5 broad axe of electrocution
  4139 | D:4      | Acquired a manual of Axes
  4289 | D:4      | Gained mutation: You are partially covered in iridescent
                  | scales. (AC +2) [potion of mutation]
  4289 | D:4      | Gained mutation: You passively dampen the noise of your
                  | surroundings. [potion of mutation]
  4561 | D:5      | Entered Level 5 of the Dungeon
  4588 | D:5      | Found a runed translucent door.
  4659 | D:5      | Reached skill level 7 in Axes
  4675 | D:5      | Reached skill level 5 in Armour
  4675 | D:5      | Reached XP level 7. HP: 48/61 MP: 7/7
  4791 | D:5      | Reached skill level 8 in Axes
  4793 | D:5      | Found a hide-covered altar of Uskayaw.
  4980 | D:5      | Found Huynwaah's Mass Market.
  4988 | D:5      | Bought a +0 tower shield for 49 gold pieces
  5010 | D:5      | Noticed Lance11888's ghost (amateur OgCA)
  5260 | D:5      | Killed Lance11888's ghost
  5261 | D:5      | Reached skill level 9 in Axes
  5262 | D:5      | Identified the +1 rapier of Evolution {venom, Contam rN++
                  | Will+ Int+2}
  5285 | D:6      | Noticed Grinder
  5286 | D:6      | Paralysed by Grinder for 5 turns
  5295 | D:6      | Paralysed by Grinder for 5 turns
  5333 | D:6      | Killed Grinder
  5334 | D:6      | Reached skill level 10 in Axes
  5334 | D:6      | Reached XP level 8. HP: 59/70 MP: 8/8
  5413 | D:6      | Became a worshipper of Beogh the Brigand
  5420 | D:6      | Identified the +1 helmet of Uskayaw's Pride {Str+2}
  5452 | D:6      | Found a staircase to the Ecumenical Temple.
  5466 | D:6      | Reached skill level 11 in Axes
  5476 | D:6      | Reached skill level 1 in Invocations
  5781 | D:6      | Reached skill level 1 in Evocations
  6131 | D:6      | Reached skill level 12 in Axes
  6249 | D:6      | Noticed Sigmund
  6256 | D:6      | Killed Sigmund
  6257 | D:6      | Reached skill level 5 in Shields
  6325 | D:6      | Acquired 890 gold pieces
  6361 | D:6      | Identified the ring "Musoz" {Fire Str+4}
  6379 | D:6      | Reached * piety under Beogh
  6611 | D:6      | Found a runed translucent door.
  6612 | D:6      | Noticed Crazy Yiuf
  6772 | D:6      | Killed Crazy Yiuf
  6980 | D:5      | Bought a +0 crystal plate armour for 880 gold pieces
  7087 | D:7      | Reached XP level 9. HP: 75/75 MP: 9/11
  7311 | D:7      | Reached skill level 13 in Axes
  7750 | D:7      | Noticed a kobold demonologist
  7756 | D:7      | Killed a kobold demonologist
  7757 | D:7      | Reached skill level 14 in Axes
  8035 | D:7      | Reached ** piety under Beogh
  8039 | D:7      | Reached skill level 5 in Invocations
  8043 | D:7      | Reached XP level 10. HP: 77/86 MP: 13/13
  8044 | D:7      | Reached skill level 15 in Axes
  8274 | D:8      | Found a staircase to the Lair.
  8760 | D:8      | Noticed Maggie
  8767 | D:8      | Killed Maggie
  9940 | D:8      | Found a hazy altar of Hepliaklqana.
  9991 | D:9      | Found a broken altar of Ashenzari.
 10004 | D:9      | Noticed Maurice
 10015 | D:9      | Paralysed by something for 2 turns
 10057 | D:9      | Killed Maurice
 10058 | D:9      | Reached skill level 16 in Axes
 10370 | D:9      | Reached *** piety under Beogh
 10617 | D:9      | Reached skill level 5 in Evocations
 10622 | D:9      | Reached XP level 11. HP: 90/94 MP: 14/16
 10969 | D:10     | Entered Level 10 of the Dungeon
 11039 | D:10     | Reached skill level 17 in Axes
 11060 | D:10     | Reached **** piety under Beogh
 11516 | D:10     | Found Qoesogau's Lightly-Used Armoury.
 11770 | D:10     | Identified the +0 ring mail of Jaaraw {rC- Will+ Int+2
                  | Dex+6} (You took it off an orc on level 10 of the Dungeon)
 12087 | D:10     | Found a portal to a secret trove of treasure.
 12308 | D:10     | Found a staircase to the Orcish Mines.
 12506 | Lair:1   | Entered Level 1 of the Lair of Beasts
 12511 | Lair:1   | Noticed a boulder beetle
 12516 | Lair:1   | Gained Geork as an ally
 12522 | Lair:1   | Your ally Geork died
 12822 | Lair:1   | Killed a boulder beetle
 12943 | Lair:1   | Reached skill level 18 in Axes
 13090 | Lair:1   | Found a frozen archway.
 13101 | Lair:1   | Reached ***** piety under Beogh
 13112 | IceCv    | Entered an ice cave
 13112 | IceCv    | Noticed a white ugly thing
 13124 | IceCv    | Killed a white ugly thing
 13128 | IceCv    | Reached XP level 12. HP: 43/104 MP: 18/18
 13555 | IceCv    | Found a transporter.
 13566 | IceCv    | Found a transporter.
 14461 | Lair:1   | Found a large runed translucent door.
 14461 | Lair:1   | Found a large runed translucent door.
 14463 | Lair:1   | Noticed SigmundSlayer's ghost (journeyman DsEE)
 15001 | Lair:1   | Killed SigmundSlayer's ghost
 15047 | Lair:2   | Gained Syrus as an ally
 15067 | Lair:2   | Noticed a death yak
 15067 | Lair:2   | Noticed a death yak
 15067 | Lair:2   | Noticed a death yak
 15067 | Lair:2   | Noticed a death yak
 15076 | Lair:2   | Killed a death yak
 15080 | Lair:2   | Killed a death yak
 15081 | Lair:2   | Reached skill level 10 in Fighting
 15082 | Lair:2   | Killed a death yak
 15085 | Lair:2   | Killed a death yak
 15086 | Lair:2   | Reached skill level 10 in Armour
 15698 | Lair:2   | Identified the +2 spear of Nickoeso {elec, rPois Will-
                  | rCorr}
 15765 | Lair:2   | Noticed Gastronok
 15777 | Lair:2   | Killed Gastronok
 15947 | Lair:2   | Reached skill level 10 in Invocations
 16216 | Lair:2   | Reached skill level 19 in Axes
 16260 | Lair:2   | Reached XP level 13. HP: 91/114 MP: 20/20
 16843 | Lair:3   | Your ally Syrus died
 16919 | Lair:3   | Found a runed translucent gate.
 16919 | Lair:3   | Found a runed translucent gate.
 16923 | Lair:3   | Noticed Zonian's ghost (journeyman DsBr)
 16923 | Lair:3   | Found the amulet of the Air {Inacc Air Fly rElec RMsl}
 16933 | Lair:3   | Found a runed translucent gate.
 16944 | Lair:3   | Found a staircase to the Snake Pit.
 17149 | Lair:3   | Reached skill level 10 in Shields
 17508 | Lair:3   | Found a staircase to the Shoals.
 17644 | Lair:3   | Gained Ugrim as an ally
 17644 | Lair:3   | Reached ****** piety under Beogh
 18075 | Lair:3   | Killed Zonian's ghost
 18197 | Lair:4   | Identified the +9 short sword of the Crawling Thing {elec,
                  | rElec rF++}
 18373 | Lair:4   | Found a gate leading to a gauntlet.
 18438 | Gauntlet | Entered a Gauntlet
 18438 | Gauntlet | Found a transporter.
 18447 | Gauntlet | Found a transporter.
 18462 | Gauntlet | Found a transporter.
 18467 | Gauntlet | Found a transporter.
 18482 | Gauntlet | Found a transporter.
 18501 | Gauntlet | Found a transporter.
 18513 | Gauntlet | Found a transporter.
 18521 | Gauntlet | Noticed a reaper
 18531 | Gauntlet | Found a transporter.
 18537 | Gauntlet | Found a transporter.
 18546 | Gauntlet | Found a transporter.
 18558 | Gauntlet | Found a transporter.
 18575 | Gauntlet | Found a transporter.
 18593 | Gauntlet | Found a transporter.
 18595 | Gauntlet | Found a transporter.
 18620 | Gauntlet | Found a transporter.
 18622 | Gauntlet | Found a transporter.
 18642 | Gauntlet | Found a transporter.
 18899 | Gauntlet | Found a transporter.
 19104 | Gauntlet | HP: 1/116 [reaper/+4 vorpal scythe (28)]
 19104 | Gauntlet | Slain by a reaper

Illustrated notes

Levels and vault maps discovered:
D:1:      dpeg_arrival_stonehenge_12_columns, layout_loops_ring,
          minmay_misc_feat_diagonals, minmay_pentomino_t2
D:2:      layout_rooms, serial_glass, glass_columns_a, glass_columns_a
D:3:      layout_loops_corners, minmay_joined_circles
D:4:      layout_loops_cross
D:5:      layout_basic, kennysheep_mini, gammafunk_ghost_grave,
          minmay_shop_mass, st_stairs_9
D:6:      layout_basic, minmay_temple_entry_hall, uniq_sigmund, uniq_grinder,
          uniq_crazy_yiuf_cottage
D:7:      layout_basic, grunt_decor_resistance, chequers_hall_statues_corner_a,
          grunt_livestock, dreamdust_gnoll_shepherd
D:8:      layout_loops_corners, worldfamousw_hep_ancestral_shrine,
          erik_lair_island, nicolae_elevator_lobby_asterisk, uniq_maggie
D:9:      layout_long_grid, ashenzari_conservatory_becter, uniq_maurice
D:10:     layout_loops_ring, erik_orc_1, nicolae_trove_entry_columns,
          serial_bayou, serial_bayou_pond_a, serial_bayou_pond_b,
          serial_bayou_crossing, serial_bayou_pond_e, serial_bayou_ford_a,
          minmay_shop_damaged
Lair:1:   layout_small_grid, portal_ice_cave_entry_imps,
          ebering_ghost_disaster_area, grunt_megastairs_1, serial_bayou_shore_a,
          lemuel_fruit_fields
Lair:2:   cheibrodos_lair_overgrown_chateau, layout_misc_corridors,
          uniq_gastronok
Lair:3:   layout_big_grid, elwin_shoals_entry_rooms,
          minmay_snake_entry_guardpost_small, gammafunk_ghost_split,
          nicolae_quartered_pool_medium
Lair:4:   layout_cave_pods, slime_entry_2, gauntlet_entry_generic
Gauntlet: gammafunk_gauntlet_one_two_three
          [gammafunk_gauntlet_arena_split_diamond,
          gammafunk_gauntlet_arena_open, gammafunk_gauntlet_arena_grid,
          gammafunk_gauntlet_arena_mazey, gammafunk_gauntlet_arena_arrow_garden,
          nicolae_gauntlet_arena_grate_2, gammafunk_gauntlet_arena_spirals,
          nicolae_gauntlet_arena_blocks, nicolae_gauntlet_swirl,
          gauntlet_exit_hidden_loot]

Skill      XL: |  1  2  3  4  5  6  7  8  9 10 11 12 13 |
---------------+----------------------------------------+-----
Fighting       | 4 5 6 7 8 9 10 11 | 11.2
Axes           | 3 4 5 7 10 12 14 16 18 19 | 19.2
Armour         | 4 5 6 7 8 9 10 11 | 11.0
Shields        | 4 5 6 7 8 9 10 | 10.5
Invocations    | 2 5 6 8 10 11 | 11.0
Evocations     | 2 3 5 6 7 8 |  8.4
Dodging        | |  0.2
Stealth        | |  0.1

Action                   |  1- 3 |  4- 6 |  7- 9 | 10-12 | 13-15 || total
-------------------------+-------+-------+-------+-------+-------++-------
Melee: War axe           |    94 |   204 |       |       |       ||   298
       Broad axe         |       |    12 |   147 |   371 |   118 ||   648
Invok: Convert to Beogh  |       |       |     1 |       |       ||     1
  Use: Scroll            |       |    13 |     5 |    10 |     2 ||    30
       Potion            |       |     1 |       |     4 |       ||     5
 Stab: Distracted        |       |       |       |     3 |     3 ||     6
Armor: Scale mail        |    51 |   110 |       |       |       ||   161
       Chain mail        |       |     6 |    62 |       |       ||    68
       Crystal plate arm |       |       |    49 |   294 |    73 ||   416
Dodge: Dodged            |    45 |    86 |    18 |    10 |     9 ||   168
Block: Buckler           |    18 |    47 |       |       |       ||    65
       Tower shield      |       |       |    96 |   313 |   103 ||   512

Table legend: (Time is in decaauts)
 A = Elapsed time spent in this place.
 B = Non-inter-level travel time spent in this place.
 C = Inter-level travel time spent in this place.
 D = Time resting spent in this place.
 E = Time spent auto-exploring this place.
 F = Levels seen in this place.
 G = Mean time per level.
                   A        B        C        D        E       F      G
               +--------+--------+--------+--------+--------+-----+--------+
         Total |  19292 |  18976 |    316 |   3124 |  12605 |  16 | 1205.8 |
       Dungeon |  12683 |  12420 |    263 |   2185 |   8050 |  10 | 1268.3 |
          Lair |   5134 |   5081 |     53 |    308 |   4038 |   4 | 1283.5 |
      Ice Cave |    810 |    810 |      0 |    417 |    279 |   1 |  810.0 |
      Gauntlet |    665 |    665 |      0 |    214 |    238 |   1 |  665.0 |
               +--------+--------+--------+--------+--------+-----+--------+

Top non-repeatable levels by time:
     D:3: 2059 daAuts
     D:8: 1938 daAuts
  Lair:2: 1788 daAuts
     D:6: 1751 daAuts
  Lair:1: 1738 daAuts
    D:10: 1468 daAuts
  Lair:3: 1301 daAuts
     D:7: 1134 daAuts
     D:1: 1054 daAuts
     D:4: 1017 daAuts
     D:9: 932 daAuts
   IceCv: 810 daAuts
     D:5: 796 daAuts
Gauntlet: 665 daAuts
     D:2: 530 daAuts
